Map: Cactus Valley LE (Void)

Players

Bop

  • Race: Protoss Protoss

SCçAkaotsj - Winner!

  • Race: Zerg Zerg

VOD

Have the link to the VOD?

Description

Time

  • Played on: May 4, 2015, 3:47 a.m.
  • Length: 3:37
Show
View Real Time Build Order
Export as new Build Order

Bop Protoss 

Build Orders: Nexus First 

Get SALT Encoding   

  12  0:00  Probe  
  13  0:13  Probe  
  14  0:42  Nexus  
  14  0:52  Pylon  
  14  1:10  Probe (Chrono Boost)  
  15  1:12  Gateway  
  15  1:22  Probe (Chrono Boost)  
  16  1:31  Probe (Chrono Boost)  
  17  1:39  Probe, Assimilator  
  18  1:43  Assimilator  
  18  1:45  Pylon  
  18  1:52  Probe (Chrono Boost)  
  19  1:55  Probe (Chrono Boost)  
  20  2:03  Probe (Chrono Boost)  
  20  2:05  Probe (Chrono Boost)  
  22  2:09  Probe (Chrono Boost)  
  22  2:11  Cybernetics Core  
  23  2:19  Cybernetics Core  
  23  2:26  Gateway  
  23  2:29  Probe  
  25  2:30  Probe  
  25  2:41  Probe (Chrono Boost)  
  25  2:42  Probe (Chrono Boost)  
  29  2:51  Probe (Chrono Boost)  
  29  2:52  Probe (Chrono Boost)  
  29  2:55  Adept (Chrono Boost)  
  31  2:58  Probe  
  31  3:02  Probe, Pylon  
  28  3:20  Pylon  
  28  3:23  Adept (Chrono Boost), Pylon  
Show
View Real Time Build Order
Export as new Build Order

SCçAkaotsj Zerg - Winner!

Build Orders: Pool First 

Get SALT Encoding   

  12  0:01  Drone  
  13  0:07  Extractor  
  13  0:12  Drone  
  13  0:20  Overlord  
  13  0:31  Drone  
  14  0:44  Spawning Pool  
  14  0:49  Drone  
  14  0:54  Drone  
  15  0:59  Drone  
  15  1:04  Drone  
  17  1:19  Drone  
  18  1:31  Queen  
  20  1:33  Metabolic Boost  
  20  1:37  Drone  
  21  1:58  Hatchery  
  21  1:59  Overlord  
  20  2:06  Zergling x4  
  22  2:13  Burrow  
  22  2:18  Zergling x2  
  23  2:26  Zergling x2  
  24  2:33  Overlord  
  24  2:40  Zergling x6  
  24  2:41  Zergling x2  
  28  2:48  Zergling x2  
  29  2:58  Zergling x2  
  30  3:19  Zergling x10  
Tags
 
Add a new tag
Caveats
  • Supply blocks, unpowered buildings, or Contaminate may cause inaccurate times.
  • Supply counts are checked every 10 seconds.